 Dungeon Crawl Stone Soup version 0.26-a0-712-ga5a9c9c9d0 (webtiles) character file.

Game seed: 12339930064012766522

323770 tilp the Spry (level 20, -25/116 HPs)
             Began as a Spriggan Enchanter on Nov 3, 2020.
             Was the Champion of Dithmenos.
             Annihilated by a spriggan berserker
             ... wielding a +0 war axe
              (43 damage)
             ... on level 15 of the Dungeon on Nov 4, 2020.
             The game lasted 02:51:53 (71296 turns).

tilp the Spry (Spriggan Enchanter)                 Turns: 71296, Time: 02:51:54

Health: -25/116    AC: 13    Str:  4    XL:     20   Next: 70%
Magic:  37/46      EV: 34    Int: 25    God:    Dithmenos [******]
Gold:   4773       SH:  7    Dex: 17    Spells: 3/43 levels left

rFire    + . .     SeeInvis +   a - +9 dagger (elec)
rCold    . . .     Faith    .   G - +0 buckler
rNeg     + + .     Spirit   .   g - +2 robe {rF+}
rPois    .         Reflect  .   A - +2 hat
rElec    .         Harm     .   d - +2 cloak
rCorr    .         Rampage  .   (gloves unavailable)
MR       ++++.                  (boots unavailable)
Stlth    ++++++++++             L - amulet of Mufregga {Acrobat rN++ MR+}
HPRegen  0.00/turn              Y - +4 ring of protection
MPRegen  0.30/turn              P - ring of magical power

@: about to teleport, wreathed by umbra, very quick
A: very small, unfitting armour, see invisible, speed 3, inhibited regeneration
}: 2/15 runes: barnacled, gossamer
a: Shadow Step, Shadow Form, Renounce Religion


You were on level 15 of the Dungeon.
You worshipped Dithmenos.
Dithmenos was exalted by your worship.
You visited 7 branches of the dungeon, and saw 37 of its levels.
You also visited: Ossuary.

You collected 5141 gold pieces.
You spent 368 gold pieces at shops.

Inventory:

Hand Weapons
 a - a +9 dagger of electrocution (weapon)
 b - a +9 quick blade of electrocution
Missiles
 l - 102 poisoned darts (quivered)
 u - 14 throwing nets {!f}
 C - 7 atropa-tipped darts
Armour
 d - a +2 cloak (worn)
 g - a +2 robe of fire resistance (worn)
 r - the +9 pearl dragon scales of Heck {+Blink rC+++ rN+ Dex+3 Stlth-}
   (You found it on level 1 of the Depths)

   It affects your dexterity (+3).
   It renders you almost immune to cold.
   It protects you from negative energy.
   It lets you blink.
   It makes you less stealthy.
 A - a +2 hat (worn)
 G - a +0 buckler (worn)
Jewellery
 m - an uncursed ring of resist corrosion
 v - an uncursed amulet of magic regeneration
 B - an uncursed ring of protection from cold
 K - the amulet "Rar Ehoa" {Spirit rElec rC- Str+9}
   (You found it on level 10 of the Dungeon)

   [amulet of guardian spirit]

   It causes incoming damage to be split between your health and magic.
   It affects your strength (+9).
   It makes you vulnerable to cold.
   It insulates you from electricity.
 L - the amulet of Mufregga (around neck) {Acrobat rN++ MR+}
   (You found it on level 1 of the Depths)

   [amulet of the acrobat]

   It helps you evade while moving and waiting.
   It greatly protects you from negative energy.
   It affects your resistance to hostile enchantments.
 P - a ring of magical power (right hand)
 V - the ring of Tempters {rF+ Str+2}
   (You found it on level 1 of the Depths)

   [ring of protection from fire]

   It affects your strength (+2).
   It protects you from fire.
 Y - a +4 ring of protection (left hand)
Wands
 y - a wand of flame (19)
 H - a wand of disintegration (24)
 M - a wand of paralysis (25)
 U - a wand of digging (7)
 W - a wand of iceblast (12)
 X - a wand of acid (19)
Scrolls
 f - 14 scrolls of remove curse
 k - 2 scrolls of enchant armour
 n - 3 scrolls of identify
 o - a scroll of vulnerability
 p - 5 scrolls of amnesia
 t - 8 scrolls of magic mapping
 w - 2 scrolls of holy word
 z - 6 scrolls of teleportation
 I - 3 scrolls of fog
 O - a scroll of summoning
 S - 4 scrolls of fear
Potions
 e - 11 potions of ambrosia
 h - 8 potions of curing
 i - 3 potions of cancellation
 j - 4 potions of haste
 q - 3 potions of flight
 s - 5 potions of invisibility
 x - 9 potions of stabbing
 D - 2 potions of heal wounds
 F - 6 potions of resistance
 J - a potion of magic
 N - a potion of mutation
Miscellaneous
 c - a tin of tremorstones (3/3)
 Q - a box of beasts (3/3)
 Z - a condenser vane (2/2)


   Skills:
 + Level 16.7 Fighting
 - Level 10.0 Short Blades
 - Level 12.0 Throwing
 - Level 20.0 Dodging
 - Level 16.0 Stealth
 - Level 4.0 Shields
 - Level 12.0 Spellcasting
 - Level 6.0 Conjurations
 - Level 14.0 Hexes
 - Level 4.0 Translocations
 - Level 4.0 Transmutations
 - Level 2.0 Ice Magic
 - Level 12.0 Invocations
 - Level 15.0 Evocations


You had 3 spell levels left.
You knew the following spells:

 Your Spells              Type           Power        Failure   Level
a - Corona                Hex            ######.      0%          1
b - Ensorcelled Hibernat  Hex/Ice        ######       1%          2
c - Confusing Touch       Hex            ######..     1%          3
d - Tukima's Dance        Hex            ######..     1%          3
e - Dazzling Flash        Conj/Hex       ######       1%          3
f - Invisibility          Hex            ######..     2%          6
g - Yara's Violent Unrav  Hex/Tmut       ######....   3%          5
h - Apportation           Tloc           #####.       1%          1
i - Cause Fear            Hex            ######....   1%          4
j - Silence               Hex/Air        ######....   8%          5
k - Blink                 Tloc           N/A          1%          2
l - Summon Mana Viper     Hex/Summ       ######..     8%          5

Your spell library contained the following spells:

 Spells                   Type           Power        Failure   Level
 Gell's Gravitas          Tloc           #####.....   2%          3
 Lesser Beckoning         Tloc           #####.....   2%          3
 Teleport Other           Tloc           #####...     2%          3
 Stone Arrow              Conj/Erth      ####..       4%          3
 Fulminant Prism          Conj/Hex       ######....   1%          4
 Metabolic Englaciation   Hex/Ice        ######....   4%          5
 Passage of Golubria      Tloc           N/A          10%         4
 Irradiate                Conj/Tmut      #####.....   17%         5
 Petrify                  Tmut/Erth      ####....     22%         4
 Lightning Bolt           Conj/Air       ####......   36%         5
 Alistair's Intoxication  Tmut/Pois      ####.....    52%         5
 Discord                  Hex            ######....   71%         8
 Spellforged Servitor     Conj/Summ      ####......   100%        7


Dungeon Overview and Level Annotations

Branches:
Dungeon (15/15)            Temple (0/1) D:5            Lair (6/6) D:10
 Shoals (4/4) Lair:4       Spider (4/4) Lair:3        Slime (0/5) Lair:6
    Orc (2/2) D:12            Elf (0/3) Orc:2        Vaults (4/5) D:13
  Crypt (0/3) Vaults:3     Depths (2/5) D:15        Ossuary (visited)

Altars:
Ashenzari
Dithmenos
Elyvilon
Fedhas
Gozag
Nemelex Xobeh
Okawaru
Trog
Uskayaw
Xom
Zin
Beogh

Shops:
D:4 (   D:14 (   Orc:2 ==([   Shoals:3 [

Portals:
Hell: Depths:1
Pandemonium: Depths:1
Trove: Vaults:4 (give +7 demon trident)

Annotations:
D:14 3 runed translucent doors, 15bullets's ghost, journeyman MiFi; Jaewyawk's ghost, journeyman MiFi
Shoals:3 3 runed translucent doors, Hapsuime's ghost, adept GrFi; Qetamic's ghost, journeyman DEVM; Qofohah's ghost, adept GnWn; Shadow153's ghost, adept DrEE
Vaults:2 36 runed doors


Innate Abilities, Weirdness & Mutations

You are very small and have problems with some larger weapons.
You are too small for most types of armour.
You have supernaturally acute eyesight. (SInv)
You cover ground extremely quickly.
You do not regenerate when monsters are visible.


Message History

Things that are here:
a +2 robe of positive energy; a +0 dagger Your hands stop glowing.
The spriggan berserker completely misses you.
You hear a shout!
Things that are here:
a +0 giant club; a +0 giant spiked club The spriggan berserker completely misses you.
Things that are here:
a +0 giant club; a +0 giant club You see here a +0 giant club.
You block the spriggan berserker's attack.
There is an open door here.
The spriggan berserker rages.
The spriggan berserker hits you with a +0 war axe!!!
* * * LOW HITPOINT WARNING * * *
As you read the scroll of teleportation, it crumbles to dust.
You feel strangely unstable.
The spriggan berserker hits you with a +0 war axe!!!
You die...

......#....)÷))#.###..........#
......#.###.####.#............#
........#..÷..##.#.#.#........#
........#.###.##)#.#.#........#
#######...#...##.#.#.#........#
###)#.####.#.#.#..:.....# #...#
#.#.#.#........# #####
#)#.#.#........#
#@#.#.#.#'####.# #i#.#.#.#.[#
#.# #.#...#.##.# #.#
#.#####.##.# #.# #.......##.#
#.# ###'########.###.#
########## ##.)...## #..##.#
.........# ##...[)..##
#.....### ######...#
#.)#####..# #.....##.


You could see a spriggan berserker (berserk).

Vanquished Creatures
  A golden dragon (Depths:1)
  A bone dragon (Depths:2)
  Asterion (Depths:1)
  3 liches
  2 sphinxes (Depths:1)
  Polyphemus (Shoals:3)
  A tengu reaver (Depths:1)
  Donald (Shoals:3)
  A storm dragon (Depths:1)
  A fire giant (Depths:1)
  2 frost giants
  3 emperor scorpions
  2 deep elf sorcerers (Vaults:4)
  5 ghost moths
  7 vault wardens
  An iron dragon (Depths:1)
  6 stone giants
  4 very ugly things (Depths:1)
  12 ironheart preservers
  The ghost of Ozorerr the Severer, a journeyman DDGl of Makhleb (Lair:4)
  Nessos (D:13)
  3 entropy weavers
  Azrael (Spider:3)
  A deep elf annihilator (Vaults:4)
  2 spark wasps (Spider:4)
  An ettin (Vaults:3)
  A crystal guardian (Vaults:2)
  6 merfolk javelineers
  A jiangshi (D:15)
  7 fire dragons
  11 merfolk impalers
  The ghost of kae the Transmogrifier, a journeyman NaTm of Cheibriados (D:10)
  A deep elf high priest (Depths:2)
  4 ice dragons
  Erolcha (D:13)
  3 great orbs of eyes
  4 ogre magi
  3 rakshasas
  3 vault guards (Vaults:1)
  7 boulder beetles
  6 hydras
  A spriggan air mage (Depths:2)
  4 catoblepae
  10 merfolk avatars
  5 merfolk aquamancers
  3 satyrs
  2 death knights (D:15)
  A deep troll shaman (Vaults:1)
  2 alligator snapping turtles (Shoals:4)
  6 centaur warriors
  2 deep troll earth magi
  3 tengu warriors
  9 two-headed ogres
  15 death yaks
  Nergalle (D:10)
  2 orc high priests (Orc:1)
  2 fire crabs (shapeshifter)
  2 soul eaters (Depths:2)
  3 skeletal warriors (D:13)
  A flayed ghost (Vaults:3)
  17 sea snakes
  13 deep trolls
  7 hell knights
  A glowing orange brain (Depths:1)
  2 unseen horrors
  9 wizards
  2 deep elf archers (Vaults:2)
  14 ironbrand convokers
  5 deep elf magi
  A lindwurm (Lair:6)
  2 phantasmal warriors
  14 orc knights
  15 harpies
  20 wolf spiders
  5 necromancers
  19 orb spiders
  20 manticores
  19 ugly things
  An oklob plant (Lair:6)
  4 orc sorcerers
  8 cyclopes
  17 fauns
  3 moths of wrath
  17 vault sentinels
  14 merfolk sirens
  An elephant (shapeshifter) (Vaults:3)
  7 water nymphs
  A naga mage (D:15)
  5 black mambas
  A torpor snail (Lair:3)
  7 cane toads
  3 gargoyles
  3 rime drakes
  An efreet (D:15)
  A yaktaur zombie (Vaults:2)
  38 yaktaurs
  2 kobold demonologists (D:15)
  7 komodo dragons
  A komodo dragon (shapeshifter) (Vaults:1)
  7 freezing wraiths
  12 demonic crawlers
  A tengu conjurer (D:13)
  3 polar bears
  A merfolk (shapeshifter) (Vaults:3)
  50 merfolk
  A queen bee (Spider:4)
  38 jumping spiders
  5 wind drakes
  3 meliai (Spider:4)
  6 hornets
  12 slime creatures
  8 trolls
  A slime creature (shapeshifter) (Vaults:4)
  2 harpy skeletons (D:15)
  8 dream sheep
  7 blink frogs (Lair:6)
  A blink frog (shapeshifter) (Vaults:3)
  8 snapping turtles
  Sigmund (D:2)
  17 water elementals
  A flying skull (Depths:1)
  56 yaks
  66 redbacks
  4 wraiths
  A vampire (D:13)
  A spriggan (shapeshifter) (Vaults:2)
  24 tarantellas
  8 shadows
  2 yaks (shapeshifter)
  4 wyverns
  A golden eye (shapeshifter) (Vaults:1)
  4 fire elementals
  16 humans (D:12)
  A steam dragon (D:11)
  3 basilisks
  A redback simulacrum (D:14)
  4 vampire mosquitoes (D:15)
  5 wargs
  A soldier ant (shapeshifter) (Vaults:4)
  2 human zombies (Vaults:2)
  5 acid dragons
  A soldier ant (D:14)
  16 water moccasins
  A hell hound (Depths:1)
  An ice beast (D:6)
  46 orc warriors
  4 sky beasts
  2 black bears
  18 ogres
  9 boggarts
  25 centaurs
  5 wolves (Lair:6)
  17 bullfrogs
  4 big kobolds
  A gnoll sergeant (D:9)
  A deep troll simulacrum (Vaults:2)
  A scorpion (shapeshifter) (Depths:1)
  7 scorpions
  A water moccasin skeleton (D:9)
  17 killer bees
  12 wights
  3 electric eels
  5 howler monkeys
  2 centaur zombies
  A bullfrog zombie (D:12)
  3 jellies
  A centaur skeleton (D:11)
  7 hounds
  23 orc wizards
  4 bullfrog skeletons
  14 orc priests
  Jessica (D:3)
  9 iguanas
  4 worker ants
  A killer bee zombie (D:10)
  2 big kobold zombies (Ossuary)
  A hound zombie (D:8)
  4 mummies (Ossuary)
  7 gnolls
  A worker ant zombie (D:11)
  11 adders
  A shadow imp (D:10)
  3 white imps
  An ufetubus (D:5)
  An ooze (D:1)
  An adder zombie (D:7)
  2 dart slugs
  9 leopard geckos
  95 orcs
  5 giant cockroaches
  A gnoll zombie (Ossuary)
  6 goblins
  3 hobgoblins
  18 jackals
  4 quokkas
  9 bats
  8 frilled lizards
  A giant cockroach zombie (D:6)
  2 goblin zombies (Ossuary)
  A hobgoblin zombie (Ossuary)
  A jackal skeleton (D:6)
  A jackal zombie (Ossuary)
  25 kobolds
  2 kobold zombies (Ossuary)
  An orc zombie (Ossuary)
  7 rats
  2 rat zombies (Ossuary)
1430 creatures vanquished.

Vanquished Creatures (collateral kills)
  Mara (Depths:1)
  Bai Suzhen (Vaults:2)
  A lich (Depths:1)
  An iron dragon (Depths:1)
  A frost giant (Vaults:3)
  An orc warrior (Vaults:3)
  An ogre (Vaults:3)
  An orc priest (Vaults:3)
  An orc wizard (Vaults:3)
9 creatures vanquished.

Vanquished Creatures (others)
  A deep elf sorcerer (Vaults:4)
  An ironheart preserver (Vaults:4)
  An unseen horror (Vaults:1)
  A quicksilver dragon simulacrum (Depths:2)
  An ugly thing (Depths:1)
  2 yaktaurs
  A jumping spider (Spider:2)
  A basilisk (Lair:6)
  An ettin simulacrum (Depths:2)
  A centaur (Orc:2)
  An orc (D:11)
  29 fungi
  174 plants
215 creatures vanquished.

Grand Total: 1654 creatures vanquished

Notes
Turn   | Place    | Note
-------+----------+-------------------------------------------
     0 | D:1      | tilp the Spriggan Enchanter began the quest for the Orb.
     0 | D:1      | Reached XP level 1. HP: 9/9 MP: 5/5
   652 | D:1      | Reached skill level 5 in Stealth
   652 | D:1      | Reached XP level 2. HP: 12/13 MP: 4/6
   678 | D:1      | Learned a level 2 spell: Ensorcelled Hibernation
  1536 | D:2      | Reached XP level 3. HP: 10/16 MP: 5/8
  1550 | D:2      | Learned a level 3 spell: Confusing Touch
  1686 | D:2      | Noticed Sigmund
  2889 | D:2      | Reached XP level 4. HP: 21/21 MP: 6/9
  3385 | D:2      | Found a shadowy altar of Dithmenos.
  3388 | D:2      | Became a worshipper of Dithmenos the Shadowed
  3451 | D:3      | Noticed Jessica
  3464 | D:3      | Killed Jessica
  3634 | D:4      | Reached XP level 5. HP: 24/24 MP: 10/10
  4550 | D:3      | Learned a level 3 spell: Tukima's Dance
  4692 | D:4      | Reached * piety under Dithmenos
  4751 | D:4      | Reached XP level 6. HP: 24/28 MP: 4/11
  4804 | D:4      | Found Piumpo's Antique Weapon Boutique.
  4861 | D:4      | Reached skill level 5 in Short Blades
  5045 | D:4      | Found a white marble altar of Elyvilon.
  5075 | D:4      | Found a broken altar of Ashenzari.
  5079 | D:4      | Saw a vision of the Shoals and the Spider Nest.
  5079 | D:4      | Noticed a merfolk
  5079 | D:4      | Noticed a merfolk siren
  5079 | D:4      | Noticed a merfolk
  5079 | D:4      | Noticed a wind drake
  5079 | D:4      | Noticed a redback
  5079 | D:4      | Noticed a merfolk siren
  5082 | D:4      | Noticed a redback
  5338 | D:5      | Entered Level 5 of the Dungeon
  5429 | D:5      | Found a hide-covered altar of Uskayaw.
  5727 | D:5      | Found an iron altar of Okawaru.
  5850 | D:5      | Found a staircase to the Ecumenical Temple.
  5870 | D:5      | Reached skill level 5 in Hexes
  5870 | D:5      | Reached XP level 7. HP: 32/32 MP: 14/14
  6067 | D:5      | Found a hide-covered altar of Uskayaw.
  6973 | D:6      | Reached skill level 1 in Fighting
  7075 | D:6      | Reached skill level 4 in Dodging
  7075 | D:6      | Reached XP level 8. HP: 37/37 MP: 12/15
  7116 | D:6      | Reached ** piety under Dithmenos
  7138 | D:6      | Reached skill level 5 in Dodging
  7574 | D:6      | Reached skill level 6 in Dodging
  7803 | D:7      | Found a sand-covered staircase.
  7810 | Ossuary  | Entered an ossuary
  7884 | Ossuary  | Reached skill level 7 in Dodging
  8054 | D:7      | Found a sparkling altar of Nemelex Xobeh.
  8072 | D:7      | Reached skill level 8 in Dodging
  8094 | D:7      | Reached skill level 1 in Invocations
  8101 | D:7      | Reached *** piety under Dithmenos
  8307 | D:7      | Found a bloodstained altar of Trog.
  8349 | D:7      | Found an opulent altar of Gozag.
  8360 | D:7      | Found a glowing silver altar of Zin.
  8360 | D:7      | Found a blossoming altar of Fedhas.
  8795 | D:7      | Reached XP level 9. HP: 44/44 MP: 16/16
  9004 | D:7      | Learned a level 3 spell: Dazzling Flash
  9725 | D:9      | Reached **** piety under Dithmenos
  9768 | D:9      | Reached skill level 10 in Stealth
 10066 | D:10     | Entered Level 10 of the Dungeon
 10186 | D:10     | Reached skill level 1 in Shields
 10365 | D:10     | Found a runed translucent door.
 10373 | D:10     | Noticed kae's ghost (journeyman NaTm)
 11047 | D:10     | Reached XP level 10. HP: 49/49 MP: 13/17
 11048 | D:10     | Noticed Nergalle
 11054 | D:10     | Noticed a spectral orc warlord
 11259 | D:10     | Got a twitching ruby amulet
 11601 | D:10     | Found a staircase to the Lair.
 11884 | D:11     | Noticed a cyclops
 11897 | D:11     | Killed a cyclops
 12068 | D:11     | Noticed a gargoyle
 12091 | D:11     | Killed a gargoyle
 12091 | D:11     | Reached skill level 1 in Evocations
 12809 | D:11     | Reached skill level 1 in Conjurations
 13509 | D:2      | Killed Sigmund
 13726 | D:12     | Noticed a cyclops
 13726 | D:12     | Noticed a gargoyle
 13731 | D:12     | Killed a cyclops
 13756 | D:12     | Killed a gargoyle
 13756 | D:12     | Reached XP level 11. HP: 52/52 MP: 19/19
 13762 | D:12     | Noticed a boulder beetle
 13763 | D:12     | Got a jewelled war axe
 13772 | D:12     | Killed a boulder beetle
 13870 | D:12     | Reached skill level 5 in Spellcasting
 13874 | D:12     | Found a staircase to the Orcish Mines.
 13957 | D:12     | Noticed a green ugly thing
 13973 | D:12     | Killed a green ugly thing
 14034 | D:12     | Reached skill level 5 in Evocations
 14041 | D:12     | Identified the amulet "Rar Ehoa" {Spirit rElec rC- Str+9}
                  | (You found it on level 10 of the Dungeon)
 14064 | D:12     | Reached skill level 9 in Dodging
 14126 | D:12     | Reached skill level 5 in Invocations
 14144 | D:12     | Identified the +8 war axe "Meijades" {speed, rPois Str-5
                  | Int+4 Dex+7} (You found it on level 12 of the Dungeon)
 14178 | D:12     | Noticed an unseen horror
 14184 | D:12     | Killed an unseen horror
 14294 | D:12     | Noticed a six-headed hydra
 14296 | D:12     | Killed a six-headed hydra
 14297 | D:12     | Noticed a two-headed ogre
 14300 | D:12     | Killed a two-headed ogre
 14452 | Lair:1   | Entered Level 1 of the Lair of Beasts
 14761 | Lair:1   | Reached ***** piety under Dithmenos
 15137 | Lair:1   | Identified a scroll of acquirement
 15137 | Lair:1   | Acquired 754 gold pieces
 15414 | Lair:2   | Noticed a death yak
 15414 | Lair:2   | Noticed a death yak
 15414 | Lair:2   | Noticed a death yak
 15415 | Lair:2   | Noticed a death yak
 15416 | Lair:2   | Noticed a death yak
 15418 | Lair:2   | Killed a death yak
 15419 | Lair:2   | Killed a death yak
 15708 | Lair:2   | Reached XP level 12. HP: 58/58 MP: 16/22
 16249 | Lair:2   | Acquired a +4 quick blade
 16501 | Lair:3   | Reached skill level 10 in Dodging
 16578 | Lair:3   | Found a hole to the Spider Nest.
 16644 | Lair:3   | Reached skill level 5 in Fighting
 16842 | Lair:3   | Reached skill level 10 in Hexes
 17457 | Lair:4   | Found a staircase to the Shoals.
 17461 | Lair:4   | Reached skill level 10 in Short Blades
 17465 | Lair:4   | Reached skill level 11 in Dodging
 17703 | Lair:4   | Noticed a boulder beetle
 17721 | Lair:4   | Killed a boulder beetle
 17914 | Lair:4   | Found a runed translucent gate.
 17915 | Lair:4   | Found a runed translucent gate.
 17915 | Lair:4   | Noticed Ozorerr's ghost (journeyman DDGl)
 17916 | Lair:4   | Found a runed translucent gate.
 17943 | Lair:4   | Noticed a ten-headed hydra
 17944 | Lair:4   | Noticed a 14-headed hydra
 18227 | Lair:5   | Reached skill level 15 in Stealth
 18239 | Lair:5   | Reached XP level 13. HP: 65/65 MP: 16/23
 18245 | Lair:5   | Reached skill level 12 in Dodging
 18922 | Lair:5   | Learned a level 6 spell: Invisibility
 18928 | Lair:5   | Learned a level 5 spell: Yara's Violent Unravelling
 18930 | Lair:5   | Learned a level 1 spell: Apportation
 18946 | Lair:6   | Entered Level 6 of the Lair of Beasts
 19423 | Lair:6   | Found a staircase to the Slime Pits.
 19917 | Lair:6   | Reached skill level 13 in Dodging
 20599 | Lair:6   | Reached skill level 14 in Dodging
 21273 | D:10     | Killed kae's ghost
 21273 | D:10     | Reached skill level 15 in Dodging
 21319 | Orc:1    | Entered Level 1 of the Orcish Mines
 21324 | Orc:1    | Reached XP level 14. HP: 71/74 MP: 18/24
 21641 | Orc:1    | Found a roughly hewn altar of Beogh.
 21937 | Orc:2    | Entered Level 2 of the Orcish Mines
 22536 | Orc:2    | Reached ****** piety under Dithmenos
 23805 | Orc:2    | Found a staircase to the Elven Halls.
 23847 | Orc:2    | Reached skill level 16 in Dodging
 23902 | Orc:1    | Noticed a stone giant
 23905 | Orc:1    | Killed a stone giant
 24166 | Orc:2    | Found Xoupp's Jewellery Boutique.
 24166 | Orc:2    | Found Uskefoh's Antique Weapon Emporium.
 24168 | Orc:2    | Found Coim's Antique Armour Shoppe.
 24170 | Orc:2    | Found Olyofebb's Jewellery Shop.
 24175 | Orc:2    | Bought a faintly glowing dagger for 217 gold pieces
 24433 | D:13     | Reached skill level 10 in Fighting
 24444 | D:13     | Found a gate to the Vaults.
 24518 | D:13     | Noticed Nessos
 25108 | D:13     | Killed Nessos
 26435 | D:13     | Noticed Erolcha
 26438 | D:13     | Killed Erolcha
 26993 | D:14     | Found Nexeeha's Antique Weapon Emporium.
 27222 | D:14     | Reached skill level 10 in Evocations
 27267 | D:14     | Found a runed translucent gate.
 27269 | D:14     | Found a runed translucent gate.
 27274 | D:14     | Found a runed translucent gate.
 27279 | D:14     | Noticed 15bullets's ghost (journeyman MiFi)
 27279 | D:14     | Noticed Jaewyawk's ghost (journeyman MiFi)
 27442 | D:15     | Entered Level 15 of the Dungeon
 27447 | D:15     | Reached XP level 15. HP: 80/80 MP: 28/28
 28038 | D:15     | Found a staircase to the Depths.
 28481 | D:15     | Reached skill level 10 in Spellcasting
 28547 | D:15     | Reached skill level 1 in Translocations
 28547 | D:15     | Reached skill level 1 in Transmutations
 29477 | Spider:1 | Entered Level 1 of the Spider Nest
 29686 | Spider:1 | Noticed a ghost moth
 29688 | Spider:1 | Killed a ghost moth
 30740 | Spider:1 | Identified the +7 dagger of Grontol {drain, rC+ Str-3
                  | Dex+4} (You bought it in a shop on level 2 of the Orcish
                  | Mines)
 32629 | Spider:3 | Reached skill level 1 in Ice Magic
 32689 | Spider:3 | Reached XP level 16. HP: 88/88 MP: 31/31
 32948 | Spider:3 | Noticed Azrael
 33858 | Spider:3 | Killed Azrael
 33991 | Spider:4 | Entered Level 4 of the Spider Nest
 36283 | Spider:4 | Reached skill level 17 in Dodging
 37250 | Spider:4 | Got a gossamer rune of Zot
 38074 | D:10     | Killed Nergalle
 38539 | Lair:4   | Killed Ozorerr's ghost
 38601 | Shoals:1 | Entered Level 1 of the Shoals
 38799 | Shoals:1 | Reached skill level 1 in Throwing
 39276 | Shoals:1 | Reached XP level 17. HP: 95/95 MP: 29/32
 39304 | Shoals:1 | Reached skill level 18 in Dodging
 39959 | Shoals:1 | Reached skill level 5 in Throwing
 41557 | Shoals:2 | Learned a level 4 spell: Cause Fear
 41563 | Shoals:2 | Learned a level 5 spell: Silence
 42294 | Shoals:1 | Gained mutation: You do not regenerate when monsters are
                  | visible. [mutagenic glow]
 44762 | Shoals:3 | Noticed Donald
 44770 | Shoals:3 | Killed Donald
 45014 | Shoals:3 | Found a runed translucent gate.
 45014 | Shoals:3 | Found a runed translucent gate.
 45014 | Shoals:3 | Found a runed translucent gate.
 45014 | Shoals:3 | Noticed Shadow153's ghost (adept DrEE)
 45015 | Shoals:3 | Noticed Hapsuime's ghost (adept GrFi)
 45015 | Shoals:3 | Noticed Qetamic's ghost (journeyman DEVM)
 45015 | Shoals:3 | Noticed Qofohah's ghost (adept GnWn)
 45282 | Shoals:3 | Noticed Polyphemus
 45293 | Shoals:3 | Killed Polyphemus
 46670 | Shoals:3 | Found Midez's Antique Armour Emporium.
 46784 | Shoals:3 | Bought a glowing robe for 151 gold pieces
 48038 | Shoals:4 | Entered Level 4 of the Shoals
 48351 | Shoals:4 | Found a shimmering altar of Xom.
 48791 | Shoals:4 | Got a barnacled rune of Zot
 49356 | Shoals:4 | Reached skill level 15 in Fighting
 49356 | Shoals:4 | Reached skill level 10 in Throwing
 49446 | Shoals:4 | Identified the cursed +1 long sword of the Pit {freeze,
                  | rPois rN+}
 49649 | Shoals:4 | Reached XP level 18. HP: 99/104 MP: 24/33
 52869 | Shoals:4 | Got a wavering ivory ring
 52870 | Shoals:4 | Identified the cursed ring "Nisaown" {rPois MR+ Str-4 SInv}
                  | (You found it on level 4 of the Shoals)
 54106 | Vaults:1 | Entered Level 1 of the Vaults
 55758 | Vaults:1 | You fall into a shaft and drop 1 floor!
 57137 | Vaults:2 | Noticed Bai Suzhen
 58113 | Vaults:2 | Reached XP level 19. HP: 108/108 MP: 33/36
 58293 | Vaults:2 | Found a huge runed gate.
 58293 | Vaults:2 | Found a huge runed gate.
 58293 | Vaults:2 | Found a huge runed gate.
 58293 | Vaults:2 | Found a huge runed gate.
 58293 | Vaults:2 | Found a huge runed gate.
 58293 | Vaults:2 | Found a huge runed gate.
 58294 | Vaults:2 | Found a huge runed gate.
 58294 | Vaults:2 | Found a huge runed gate.
 58295 | Vaults:2 | Found a huge runed gate.
 58295 | Vaults:2 | Found a huge runed gate.
 58295 | Vaults:2 | Found a huge runed gate.
 58295 | Vaults:2 | Found a huge runed gate.
 58295 | Vaults:2 | Found a huge runed gate.
 58296 | Vaults:2 | Found a huge runed gate.
 58297 | Vaults:2 | Found a huge runed gate.
 58298 | Vaults:2 | Found a huge runed gate.
 58299 | Vaults:2 | Found a huge runed gate.
 58307 | Vaults:2 | Found a huge runed gate.
 58307 | Vaults:2 | Found a huge runed gate.
 58307 | Vaults:2 | Found a huge runed gate.
 58307 | Vaults:2 | Found a huge runed gate.
 58307 | Vaults:2 | Found a huge runed gate.
 58307 | Vaults:2 | Found a huge runed gate.
 58308 | Vaults:2 | Found a huge runed gate.
 58309 | Vaults:2 | Found a huge runed gate.
 58310 | Vaults:2 | Found a huge runed gate.
 58318 | Vaults:2 | Found a huge runed gate.
 58318 | Vaults:2 | Found a huge runed gate.
 58318 | Vaults:2 | Found a huge runed gate.
 58318 | Vaults:2 | Found a huge runed gate.
 58318 | Vaults:2 | Found a huge runed gate.
 58318 | Vaults:2 | Found a huge runed gate.
 58318 | Vaults:2 | Found a huge runed gate.
 58341 | Vaults:2 | Found a huge runed gate.
 58342 | Vaults:2 | Found a huge runed gate.
 58350 | Vaults:2 | Found a huge runed gate.
 58827 | Vaults:2 | Reached skill level 19 in Dodging
 59312 | Vaults:2 | Killed Bai Suzhen
 59823 | Vaults:3 | Reached skill level 10 in Invocations
 60541 | Vaults:3 | Found a staircase to the Crypt.
 61228 | Vaults:3 | Reached skill level 20 in Dodging
 61382 | Vaults:3 | Identified the +7 arbalest "Coix" {venom, Str+3 Dex+5}
 61778 | Vaults:4 | Noticed a Tzitzimitl
 62399 | Vaults:4 | Reached skill level 15 in Evocations
 62805 | Vaults:4 | Found a portal to a secret trove of treasure.
 63706 | Vaults:4 | Reached skill level 5 in Conjurations
 63706 | Vaults:4 | Reached XP level 20. HP: 113/113 MP: 33/37
 64127 | Depths:1 | Entered Level 1 of the Depths
 65721 | Depths:1 | Learned a level 2 spell: Blink
 65778 | Depths:1 | Noticed Mara
 65812 | Depths:1 | Found a gateway to Hell.
 65951 | Depths:1 | Noticed Asterion
 66008 | Depths:1 | Killed Asterion
 66272 | Depths:1 | Found a one-way gate leading to the halls of Pandemonium.
 66326 | Depths:1 | Killed Mara
 66720 | Depths:1 | Identified the amulet of Mufregga {Acrobat rN++ MR+} (You
                  | found it on level 1 of the Depths)
 67926 | Depths:1 | Noticed a golden dragon
 67975 | Depths:1 | Killed a golden dragon
 68397 | Depths:1 | Identified the ring of Tempters {rF+ Str+2} (You found it
                  | on level 1 of the Depths)
 68399 | Depths:1 | Identified the +9 pearl dragon scales of Heck {+Blink rC+++
                  | rN+ Dex+3 Stlth-} (You found it on level 1 of the Depths)
 68934 | Depths:2 | Noticed a bone dragon
 69020 | Depths:2 | Killed a bone dragon
 69630 | Depths:2 | Acquired the Handbook of Destructive Execration
 69638 | Depths:2 | Learned a level 5 spell: Summon Mana Viper
 69700 | Depths:2 | Identified the +2 robe of Teapt {Rampage Str+2}
 70388 | Depths:1 | HP: 5/116 [jiangshi[a vampire mage] (16)]
 71296 | D:15     | Annihilated by a spriggan berserker

Illustrated notes

Levels and vault maps discovered:
D:1:      lightli_arrival_isolated_outpost, layout_basic,
          minmay_worlds_worst_comb
D:2:      layout_basic, grunt_dithmenos_smoke_and_mirrors, nrook_uturn,
          minmay_crystal_room, uniq_sigmund
D:3:      layout_basic, nrook_mini_vaults, uniq_jessica
D:4:      layout_basic, elyvilon_altar_1, serial_shops,
          nicolae_shop_overgrown_old_shop, chequers_serial_rivers_micro_e,
          grunt_ashenzari_visionary [grunt_ashenzari_visionary_shoals,
          grunt_ashenzari_visionary_spider]
D:5:      layout_rooms, lemuel_doored_altar, temple_statues, chequers_big_river,
          minmay_hedge_maze, hangedman_feature_mirror
D:6:      layout_cave_pools
D:7:      layout_basic, lemuel_round_altar, lemuel_coloured_pillars_altar,
          grunt_temple_overflow_open, enter_ossuary_2,
          chequers_serial_rivers_small_3
D:8:      layout_basic
D:9:      layout_roguey
D:10:     layout_loops_ring, grunt_lair_entry_orc_guard_hut,
          ebering_ghost_reflecting_pool, kennysheep_small_square, uniq_nergalle
D:11:     layout_stronghold
D:12:     layout_rooms, david_orc_2, drop_trap
D:13:     layout_roguey, david_vaults_3, uniq_erolcha
D:14:     layout_roguey, chequers_serial_rivers_micro_c,
          gammafunk_ghost_cemetery, serial_shops, nicolae_shop_stone
D:15:     grunt_enter_depths_magical_seal, layout_basic,
          hangedman_abyss_or_decor_stabs, grunt_ministairs_10
Lair:1:   layout_roguey, serial_rivers, chequers_serial_rivers_room_b,
          chequers_serial_rivers_micro_c, chequers_serial_rivers_large_b,
          chequers_serial_rivers_marsh, chequers_serial_rivers_room_a,
          chequers_serial_rivers_small_3
Lair:2:   beast_lair_carwin_large_1, layout_hall_layers,
          chequers_serial_rivers_marsh
Lair:3:   layout_regular_city, spider_nest_entry_funnel_web, patterned_corridor
Lair:4:   wad_woods_04, layout_regular_city, minmay_shoals_entry_centaurs,
          gammafunk_ghost_hydra_chop
Lair:5:   layout_loops_ring
Lair:6:   evilmike_catoblepas_cave, layout_regular_city,
          minmay_slime_entry_oklob_enclosed
Shoals:1: layout_shoals, nicolae_shoals_dead_sea_scrolls
Shoals:2: argonaut_golden_fleece, layout_shoals, nicolae_shoals_isolated_beach
Shoals:3: layout_shoals, serial_shops, shop, gammafunk_ghost_cemetery,
          uniq_donald, uniq_polyphemus
Shoals:4: shoals_end_simple, layout_shoals, lemuel_centaur_altar
Spider:1: layout_spider_delve
Spider:2: layout_spider_delve, nicolae_spider_webs_and_nodes, drop_trap
Spider:3: layout_spider_delve, uniq_azrael
Spider:4: grunt_spider_rune_parallel, drop_trap, nicolae_looking_at_the_future
Orc:1:    layout_caves, serial_shops, mines1_david
Orc:2:    st_orc_rangers, layout_caves
Vaults:1: nicolae_vaults_mini_display_case, hangedman_vaults_hat,
          v_alt_pattern_2, hangedman_vaults_maws,
          nicolae_vaults_windows_and_doors_thing, v_misc_18,
          vaults_room_large_hall, ontoclasm_vaults_twist, vaults_mumra_lcd,
          layout_vaults_big_room
Vaults:2: v_misc_13, nicolae_vaults_little_squares_5, v_misc_13,
          nicolae_vaults_asterisk, nicolae_vaults_little_squares_3,
          vaults_not_door_vault_due, nicolae_vaults_network_periphery,
          vaults_room_boxed, vaults_mumra_chevron_long,
          nicolae_vaults_stairing_the_circle, vaults_mumra_minichess, v_misc_23,
          nicolae_vaults_diagonal_hallway_6, vaults_room_hallway,
          layout_vaults_ring, serial_glass, uniq_bai_suzhen
Vaults:3: minmay_crypt_entry_nasty_monster, ontoclasm_vaults_loading_screen,
          v_misc_26, ontoclasm_vaults_fault, nicolae_vaults_halls_meeting,
          v_rooms_3, nicolae_vaults_puzzle_piece, nicolae_vaults_rhombus_6,
          nicolae_vaults_asterisk, ontoclasm_vaults_claustrophobia,
          v_alt_pattern_5, vaults_mumra_minichess_inversion,
          nicolae_vaults_yaktaur_gun_rack, layout_vaults_big_cross
Vaults:4: v_misc_33, vaults_dpeg_cross, vaults_standard_mumra_enter_the_diamond,
          ontoclasm_vaults_misaligned, v_misc_9, v_pattern_2,
          vaults_room_stairs_pillars, hangedman_vaults_unwind,
          hangedman_vaults_stream, vaults_room_grid, vaults_dpeg_ring,
          v_misc_17, layout_vaults_omnibox, nicolae_trove_entry_free_sample
Depths:1: layout_cave_pools, grunt_hell_entry_dis_grunt, pan_entry,
          minmay_fountain_box, minmay_multi_spiral, uniq_mara, uniq_asterion
Depths:2: grunt_profane_halls [grunt_profane_temple_dis,
          grunt_profane_temple_coc, grunt_profane_temple_geh,
          grunt_profane_temple_tar, grunt_profane_loot], abyss_entry,
          serial_shops, hell_entry

Skill      XL: |  1  2  3  4  5  6  7  8  9 10 11 12 13 14 15 16 17 18 19 20 |
---------------+-------------------------------------------------------------+-----
Stealth        | 5 6 7 8 11 12 13 15 16 | 16.0
Short Blades   | 2 3 4 5 7 8 9 10 | 10.0
Spellcasting   | 4 6 8 10 12 | 12.0
Hexes          | 5 8 9 10 11 12 14 | 14.0
Fighting       | 1 3 4 6 8 10 12 13 15 16 | 16.7
Dodging        | 4 8 9 11 15 16 17 18 20 | 20.0
Invocations    | 1 4 5 6 8 9 12 | 12.0
Shields        | 2 4 |  4.0
Evocations     | 3 7 8 10 12 13 15 | 15.0
Conjurations   | 1 2 4 5 6 |  6.0
Translocations | 4 |  4.0
Transmutations | 4 |  4.0
Ice Magic      | 1 2 |  2.0
Throwing       | 2 10 12 | 12.0

Action                   |  1- 3 |  4- 6 |  7- 9 | 10-12 | 13-15 | 16-18 | 19-21 || total
-------------------------+-------+-------+-------+-------+-------+-------+-------++-------
Melee: Dagger            |   126 |   116 |   319 |   292 |   982 |  1515 |   967 ||  4317
       Quick blade       |       |       |       |    20 |    25 |    30 |    17 ||    92
Throw: Stone             |     6 |       |       |       |       |       |       ||     6
       Dart              |       |       |     1 |    17 |       |     1 |       ||    19
 Cast: Corona            |     7 |       |       |       |       |     4 |     1 ||    12
       Ensorcelled Hiber |    12 |    48 |    60 |   127 |   234 |   464 |   113 ||  1058
       Confusing Touch   |       |     1 |    18 |    15 |    35 |    76 |    55 ||   200
       Dazzling Flash    |       |       |       |       |    75 |   124 |    59 ||   258
       Invisibility      |       |       |       |       |     1 |    20 |     3 ||    24
       Cause Fear        |       |       |       |       |       |     3 |       ||     3
       Tukima's Dance    |       |       |       |       |       |     1 |     6 ||     7
       Silence           |       |       |       |       |       |       |     2 ||     2
       Yara's Violent Un |       |       |       |       |       |       |     3 ||     3
       Blink             |       |       |       |       |       |       |     1 ||     1
Invok: Shadow Step       |       |       |       |     1 |     9 |    16 |     1 ||    27
       Shadow Form       |       |       |       |       |       |     3 |       ||     3
Evoke: Wand              |       |       |     1 |       |       |    17 |    29 ||    47
       Box of beasts     |       |       |       |       |     1 |     2 |     5 ||     8
       Tin of tremorston |       |       |       |       |       |     5 |     7 ||    12
       Condenser vane    |       |       |       |       |       |     2 |     4 ||     6
  Use: Scroll            |     2 |     9 |    11 |    19 |    12 |    12 |     9 ||    74
       Potion            |       |       |       |     1 |     1 |    10 |     1 ||    13
 Stab: Sleeping          |    20 |    25 |    59 |   118 |   184 |   289 |   128 ||   823
       Confused          |       |     1 |    13 |     9 |    37 |    56 |    45 ||   161
       Distracted        |       |       |     1 |       |       |     2 |     2 ||     5
       Invisible         |       |       |       |       |    81 |   111 |    53 ||   245
       Held in net/web   |       |       |       |       |       |     1 |       ||     1
Armor: Robe              |     9 |     5 |    23 |     6 |    82 |   189 |    43 ||   357
Dodge: Dodged            |   112 |   107 |   220 |   150 |  1046 |  1499 |   568 ||  3702
Block: Buckler           |       |       |       |    60 |   342 |   395 |   164 ||   961

Table legend: (Time is in decaauts)
 A = Elapsed time spent in this place.
 B = Non-inter-level travel time spent in this place.
 C = Inter-level travel time spent in this place.
 D = Time resting spent in this place.
 E = Time spent auto-exploring this place.
 F = Levels seen in this place.
 G = Mean time per level.
                   A        B        C        D        E       F      G
               +--------+--------+--------+--------+--------+-----+--------+
         Total |  57257 |  53679 |   3578 |  28648 |  13394 |  38 | 1506.8 |
       Dungeon |  17443 |  15674 |   1769 |   7658 |   4972 |  15 | 1162.9 |
          Lair |   5676 |   5293 |    383 |   1890 |   2460 |   6 |  946.0 |
        Shoals |  13595 |  13189 |    406 |   8801 |   1606 |   4 | 3398.8 |
   Spider Nest |   6379 |   6113 |    266 |   3400 |   1328 |   4 | 1594.8 |
  Orcish Mines |   2446 |   2390 |     56 |   1163 |    665 |   2 | 1223.0 |
        Vaults |   7655 |   7113 |    542 |   3471 |   1805 |   4 | 1913.8 |
        Depths |   3913 |   3760 |    153 |   2263 |    503 |   2 | 1956.5 |
       Ossuary |    146 |    146 |      0 |      0 |     52 |   1 |  146.0 |
               +--------+--------+--------+--------+--------+-----+--------+

Top non-repeatable levels by time:
    D:15: 3735 daAuts
Shoals:1: 3625 daAuts
Shoals:3: 3391 daAuts
Shoals:4: 3328 daAuts
Shoals:2: 3249 daAuts
Depths:1: 3214 daAuts
Vaults:1: 2446 daAuts
Spider:4: 2015 daAuts
    D:12: 1966 daAuts
Vaults:3: 1819 daAuts
Vaults:2: 1812 daAuts
Spider:2: 1740 daAuts
   Orc:1: 1722 daAuts
     D:2: 1594 daAuts
Vaults:4: 1577 daAuts
